 Dungeon Crawl Stone Soup version 0.21.1-1-g345015fe64 (webtiles) character file.

613 Htamos the Cudgeler (level 7, -6/91 HPs)
             Began as a Minotaur Berserker on July 2, 2018.
             Was a Believer of Trog.
             Mangled by Prince Ribbit (12 damage)
             ... on level 5 of the Dungeon.
             The game lasted 00:13:50 (4362 turns).

Htamos the Cudgeler (Minotaur Berserker)            Turns: 4362, Time: 00:13:50

Health: -6/91      AC:  9    Str: 28    XL:     7   Next: 20%
Magic:  6/6        EV: 10    Int:  4    God:    Trog [**....]
Gold:   229        SH:  0    Dex: 10    Spells: 6/6 levels left

rFire    . . .     SeeInvis .   a - +0 mace
rCold    . . .     Gourm    .   (no shield)
rNeg     + . .     Faith    .   o - +0 chain mail
rPois    .         Spirit   .   (helmet restricted)
rElec    .         Reflect  .   (no cloak)
rCorr    .         Harm     .   (no gloves)
MR       ++...                  (no boots)
Stlth    ..........             (no amulet)
HPRegen  1.25/turn              h - ring of positive energy
MPRegen  0.10/turn              (no ring)

@: berserking, regenerating, very quick
A: retaliatory headbutt, horns 2
a: Berserk, Trog's Hand, Burn Spellbooks, Renounce Religion


You were on level 5 of the Dungeon.
You worshipped Trog.
Trog was pleased with you.
You were very hungry.

You visited 1 branch of the dungeon, and saw 5 of its levels.

You collected 229 gold pieces.

Inventory:

Hand Weapons
 a - a +0 mace (weapon)
 d - a +0 dagger
 m - a +0 hand axe
Missiles
 n - 20 bolts
Armour
 o - a +0 chain mail (worn)
Jewellery
 h - a ring of positive energy (left hand)
Scrolls
 e - a scroll of random uselessness {unknown}
 f - a scroll of remove curse
 g - 7 scrolls of identify
 j - a scroll of fog {unknown}
 k - a scroll of blinking {unknown}
 p - 3 scrolls of teleportation {unknown}
 t - a scroll of enchant armour {unknown}
 u - a scroll of immolation {unknown}
Potions
 b - a potion of resistance
 i - 2 potions of flight
 l - 3 potions of curing
 q - a potion of magic
 r - a potion of invisibility {unknown}
 s - a potion of mutation {unknown}
Comestibles
 c - 12 rations


   Skills:
 + Level 5.6 Fighting
 + Level 7.1 Maces & Flails
 + Level 5.3 Armour
 + Level 3.2 Dodging


You had 6 spell levels left.
You didn't know any spells.

Dungeon Overview and Level Annotations

Branches:
Dungeon (5/15)             Temple (0/1) D:5

Altars:
Ru
Uskayaw

Annotations:
D:4 tidbits's ghost, amateur GnNe
D:5 Prince Ribbit


Innate Abilities, Weirdness & Mutations

You reflexively headbutt those who attack you in melee.
You have a pair of horns on your head.


Message History

You hit Prince Ribbit.
Prince Ribbit is severely wounded.
Prince Ribbit hits you!
* * * LOW HITPOINT WARNING * * *
Prince Ribbit closely misses you.
A red film seems to cover your vision as you go berserk!
You feel yourself moving faster!
You feel mighty!
You are feeling very hungry.
Prince Ribbit hits you!
* * * LOW HITPOINT WARNING * * *
Unknown command.
You sock Prince Ribbit!
Prince Ribbit is almost dead.
Prince Ribbit casts a spell.
Prince Ribbit looks slightly unstable.
You closely miss Prince Ribbit.
Prince Ribbit is almost dead.
Prince Ribbit lets out a mournful croak.
Prince Ribbit hits you!
You die...

.#..§.########..#####
.####.# #..# .# #.#
#..# .# ##.## #..##
.###...## #...#
...F....# #...#
####...## ###.# ##.##
#F# ### #@# #.#
#########.#
#.§...§...#
#.#######.# #.# #.#
########F# #.#
...F..§..# #.#
################.#


You could see Prince Ribbit.

Vanquished Creatures
  The ghost of martinkus the Gusty, an amateur DrAE (D:3)
  An ice beast (D:5)
  A phantom (D:4)
  A bullfrog zombie (D:5)
  A crimson imp (D:5)
  A hound (D:5)
  A jelly (D:5)
  An orc priest (D:4)
  An iguana (D:5)
  An orc wizard (D:4)
  3 worker ants
  A gnoll (D:1)
  A shadow imp (D:5)
  2 worms
  3 dart slugs
  2 leopard geckos (D:3)
  8 orcs
  A ball python (D:3)
  7 bats
  2 giant cockroaches
  7 goblins
  4 hobgoblins (D:3)
  2 jackals (D:1)
  3 quokkas
  6 frilled lizards
  8 kobolds
  4 rats
  3 plants (D:3)
77 creatures vanquished.

Vanquished Creatures (others)
  An adder (D:3)
  A goblin (D:3)
  A rat (D:3)
3 creatures vanquished.

Grand Total: 80 creatures vanquished

Notes
Turn   | Place    | Note
-------+----------+-------------------------------------------
     0 | D:1      | Htamos the Minotaur Berserker began the quest for the Orb.
     0 | D:1      | Reached XP level 1. HP: 19/19 MP: 0/0
    92 | D:1      | Reached XP level 2. HP: 21/27 MP: 1/1
   100 | D:1      | Reached skill level 4 in Maces & Flails
   161 | D:1      | Reached XP level 3. HP: 16/33 MP: 2/2
  1246 | D:2      | Found a sacrificial altar of Ru.
  1645 | D:3      | Noticed martinkus's ghost (amateur DrAE)
  1668 | D:3      | Killed martinkus's ghost
  1668 | D:3      | Reached XP level 4. HP: 7/41 MP: 3/3
  1850 | D:3      | Reached ** piety under Trog
  1900 | D:3      | Found a hide-covered altar of Uskayaw.
  1947 | D:3      | Reached skill level 5 in Maces & Flails
  2371 | D:3      | Reached XP level 5. HP: 44/47 MP: 4/4
  2624 | D:4      | Noticed a phantom
  2639 | D:4      | Killed a phantom
  2646 | D:4      | Noticed tidbits's ghost (amateur GnNe)
  2713 | D:4      | Reached skill level 5 in Fighting
  2969 | D:4      | Reached XP level 6. HP: 36/56 MP: 5/5
  2977 | D:4      | Reached skill level 6 in Maces & Flails
  3168 | D:5      | Entered Level 5 of the Dungeon
  3168 | D:5      | Noticed an ice beast
  3180 | D:5      | Killed an ice beast
  3359 | D:5      | Reached skill level 5 in Armour
  3378 | D:5      | Noticed Prince Ribbit
  3569 | D:5      | Reached XP level 7. HP: 58/61 MP: 6/6
  3641 | D:5      | Reached skill level 7 in Maces & Flails
  4053 | D:5      | Found a staircase to the Ecumenical Temple.
  4362 | D:5      | Mangled by Prince Ribbit

Skill      XL: |  1  2  3  4  5  6  7 |
---------------+----------------------+-----
Fighting       | 4 5 |  5.6
Maces & Flails | 4 5 6 7 |  7.1
Armour         | 3 4 5 |  5.3
Dodging        | 3 |  3.2

Action                   |  1- 3 |  4- 6 |  7- 9 || total
-------------------------+-------+-------+-------++-------
Melee: Mace              |    79 |   192 |    41 ||   312
       Headbutt          |     9 |    45 |     7 ||    61
Invok: Berserk           |       |       |     1 ||     1
       Trog's Hand       |       |       |     1 ||     1
  Use: Scroll            |       |     6 |       ||     6
       Potion            |       |       |     1 ||     1
  Eat: Chunk             |     2 |     6 |       ||     8
       Ration            |       |       |     1 ||     1
Armor: Ring mail         |    37 |       |       ||    37
       Chain mail        |     5 |    60 |    14 ||    79
Dodge: Dodged            |    57 |    52 |    15 ||   124
